AoeStats
← el forasteiro

Arabia

513490055Analyzed
1v1 RM · 2d ago on Oct 13, 2026· 70m 14s· 2 players
Game mode
Random Map
Map size
Tiny (2 player)
Population
200
Speed
Normal
Resources
Standard
Victory
Conquest
Starting age
Dark Age
Ending age
Imperial Age
RankedLock teamsTeams togetherTeam positionsShared explorationLock speedFull tech treeHidden civsTurbo modeCheats
Victory
Defeat
🇧🇷 Khmer · Brazil
418
+16
vs
🇭🇺 Magyars · Hungary
414
-16
Gaвяielッ
13:57 Feudal Age
21:24 Bloodlines
26:53 Castle Age
34:04 Imperial Age
45:55 Murder Holes
45:51 Guard Tower
47:47 Cavalier
47:50 Pikeman
47:55 Man-at-Arms
47:58 Crossbowman
49:07 Parthian Tactics
49:43 Conscription
49:52 Paladin
51:12 Corvinian Army
52:02 Scale Mail Armor
52:07 Scale Barding Armor
52:06 Padded Archer Armor
51:56 Fletching
51:32 Elite Magyar Huszar
55:09 Chain Mail Armor
55:15 Chain Barding Armor
55:33 Masonry
56:49 Recurve Bow
56:49 Long Swordsman
58:07 Plate Barding Armor
57:48 Leather Archer Armor
57:29 Bodkin Arrow
57:51 Thumb Ring
59:42 Heavy Cavalry Archer
el forasteiro
12:21 Feudal Age
14:14 Double-Bit Axe
20:22 Wheelbarrow
19:39 Horse Collar
20:17 Town Watch
23:27 Bloodlines
28:27 Fletching
30:55 Forging
32:58 Castle Age
31:18 Scale Barding Armor
33:52 Stone Mining
33:52 Pikeman
36:06 Husbandry
40:05 Iron Casting
39:42 Padded Archer Armor
40:57 Bow Saw
41:15 Town Patrol
41:38 Hand Cart
42:21 Scale Mail Armor
47:05 Gold Mining
50:04 Heavy Plow
51:41 Fervor
52:01 Redemption
52:50 Stone Shaft Mining
52:51 Gold Shaft Mining
55:12 Tusk Swords
56:56 Ballistics
57:23 Leather Archer Armor
57:05 Bodkin Arrow
56:37 Man-at-Arms
61:33 Long Swordsman
72:54 Imperial Age
Connection lost

Rejoining the realm…

Still unreachable

The connection could not be restored.

Session expired

The server has moved on; the page needs a fresh start.